 Dungeon Crawl Stone Soup version 0.31-a0-229-g1fc7ce93e2 (webtiles) character file.

Game seed: 4869975473622001916

85 qw the Shooter (level 4, -5/26 HPs)
             Began as a Gargoyle Hexslinger on July 6, 2023.
             Slain by a gnoll
             ... wielding a +0 flail
              (8 damage)
             ... on level 3 of the Dungeon.
             The game lasted 00:00:41 (1884 turns).

qw the Shooter (Gargoyle Hexslinger)                Turns: 1884, Time: 00:00:42

Health: -5/26      AC:  9    Str: 12    XL:     4   Next: 48%
Magic:  5/5        EV: 10    Int: 13    God:
Gold:   142        SH:  0    Dex: 14    Spells: 4/5 levels left

rFire   . . .        Y - +1 sling
rCold   . . .        (no shield)
rNeg    + . .        f - +0 ring mail
rPois   inf          (no helmet)
rElec   +            (no cloak)
rCorr   .            d - +0 pair of gloves
SInv    .            (no boots)
Will    .....        (no amulet)
Stlth   +            (no ring)
HPRegen 0.24/turn    (no ring)
MPRegen 0.09/turn

%: no passive effects
@: about to teleport
A: sickness immunity, AC +3, negative energy resistance 1, electricity
resistance, torment resistance 1, petrification resistance
a: no special abilities


You were on level 3 of the Dungeon.
You visited 1 branch of the dungeon, and saw 3 of its levels.

You collected 142 gold pieces.


Innate Abilities, Weirdness & Mutations

You are immune to sickness and miasma.
Your stone body is resilient. (AC +3)
You are immune to poison.
You resist negative energy. (rN+)
You are resistant to electric shocks. (rElec)
You are resistant to unholy torment.
You are immune to petrification.


   Skills:
 - Level 2.0 Fighting
 + Level 4.0 Ranged Weapons
 - Level 1.1 Armour
 - Level 1.5 Dodging
 - Level 1.0 Spellcasting
 - Level 2.6 Hexes


You had 4 spell levels left.
You knew the following spells:

 Your Spells              Type           Power      Damage    Failure   Level
a - Slow                  Hex            28%        N/A       22%         1

Your spell library contained the following spells:

 Spells                   Type           Power      Damage    Failure   Level
 Inner Flame              Hex/Fire       4%         N/A       73%         3
 Portal Projectile        Hex/Tloc       8%         N/A       73%         3
 Cause Fear               Hex            3%         N/A       91%         4

Inventory:

Hand Weapons
 Y - a +1 sling (weapon)
Armour
 d - a +0 pair of gloves (worn)
 f - a +0 ring mail (worn)
Scrolls
 h - a scroll of identify
Potions
 b - a potion of invisibility {unknown}
 c - 2 potions of enlightenment {unknown}
 e - a potion of ambrosia {unknown}
 g - a potion of curing
 i - a potion of magic {unknown}
 j - a potion of brilliance {unknown}
 l - a potion of cancellation

Dungeon Overview and Level Annotations

Branches:
Dungeon (3/15)

Altars:


Message History

The giant cockroach bites you but does no damage.
You shoot a sling bullet.
The sling bullet hits the giant cockroach.
You kill the giant cockroach!
You shoot a sling bullet.
The sling bullet hits the dart slug but does no damage.
The dart slug is severely wounded.
The dart slug launches a dart at you. The slug dart hits you.
You shoot a sling bullet. The sling bullet hits the dart slug.
The dart slug is almost dead.
The dart slug launches a dart at you. The slug dart misses you.
You shoot a sling bullet. The sling bullet hits the dart slug.
You kill the dart slug!
The gnoll barely misses you.
You shoot a sling bullet.
The sling bullet closely misses the gnoll.
The sling bullet barely misses the gnoll.
The gnoll hits you but does no damage. x2
You shoot a sling bullet. The sling bullet hits the gnoll.
The gnoll is moderately wounded.
The gnoll misses you. The gnoll barely misses you.
You shoot a sling bullet.
The sling bullet closely misses the gnoll.
The sling bullet barely misses the gnoll.
The gnoll hits you but does no damage. The gnoll hits you with a +0 flail.
The gnoll hits you from afar with a +0 spear.
The gnoll hits you with a +0 flail.
1883 ||| READING scroll of teleportation.
As you read the scroll of teleportation, it crumbles to dust.
You feel strangely unstable. The gnoll closely misses you.
The gnoll hits you from afar with a +0 spear.
You shoot a sling bullet.
The sling bullet closely misses the gnoll.
The sling bullet hits the gnoll.
The gnoll is moderately wounded.
The gnoll closely misses you. The gnoll hits you with a +0 flail!
You die...

##.#..######..#
#.............#
###...[..#####.##
#................
#%#......#####.## .
#.##.|.....# #.# ...
#.##)..###.# #.#
.....###.##...###.###.#
.....gg@.##...........#
>(...######....###.##.#
... .................#
. #############.#


You could see 2 gnolls.

Vanquished Creatures
  2 gnolls (D:3)
  2 adders (D:2)
  2 dart slugs
  6 endoplasms
  A giant cockroach (D:3)
  2 goblins (D:1)
  3 hobgoblins
  2 jackals (D:2)
  2 kobolds
  3 quokkas
  3 ball pythons (D:1)
  3 bats
  A frilled lizard (D:1)
  13 rats
45 creatures vanquished.

Notes
Turn   | Place    | Note
-------+----------+-------------------------------------------
     0 | D:1      | qw the Gargoyle Hexslinger began the quest for the Orb.
     0 | D:1      | Reached XP level 1. HP: 12/12 MP: 2/2
     0 | D:1      | 0 ||| qw: Version: 0.3-a-46-gb1f654a
     0 | D:1      | 0 ||| qw: Game counter: 1346
     0 | D:1      | 0 ||| qw: Melee chars always use a shield: true
     0 | D:1      | 0 ||| qw: God list: Okawaru
     0 | D:1      | 0 ||| qw: Allow faded altars: false
     0 | D:1      | 0 ||| qw: Do Orc after clearing Dungeon:15 true
     0 | D:1      | 0 ||| qw: Do second Lair branch before Depths: true
     0 | D:1      | 0 ||| qw: Lair rune preference: random
     0 | D:1      | 0 ||| qw: Goals: Normal
     0 | D:1      | 0 ||| PLANNING D:1-11
     2 | D:1      | Noticed a spriggan
     2 | D:1      | Noticed a naga
     4 | D:1      | Noticed an armataur
     6 | D:1      | Noticed a vampire
     6 | D:1      | Noticed an octopode
     8 | D:1      | Noticed a human
     8 | D:1      | Noticed a demonspawn
    10 | D:1      | Noticed a merfolk
    12 | D:1      | Noticed an ogre
    14 | D:1      | Noticed a ghoul
    14 | D:1      | Noticed a formicid
    16 | D:1      | Noticed a tengu
    16 | D:1      | Noticed a meteoran
    18 | D:1      | Noticed a draconian
    18 | D:1      | Noticed a gargoyle
    20 | D:1      | Noticed a vine stalker
    20 | D:1      | Noticed a minotaur
    22 | D:1      | Noticed a demigod
    22 | D:1      | Noticed a felid
    24 | D:1      | Noticed an ogre
    24 | D:1      | Noticed a troll
    26 | D:1      | Noticed a troll
    26 | D:1      | Noticed an elf
   271 | D:1      | Reached XP level 2. HP: 16/16 MP: 3/3
   286 | D:1      | Found a faded altar of an unknown god.
   469 | D:1      | Reached skill level 3 in Ranged Weapons
   841 | D:1      | 841 ||| UPGRADING to +0 leather armour.
   851 | D:1      | 851 ||| DROPPING +0 robe.
   852 | D:1      | 852 ||| UPGRADING to +0 ring mail.
   862 | D:1      | 862 ||| DROPPING +0 leather armour.
   863 | D:1      | 863 ||| READING 2 scrolls labelled LAAHAO KENO.
   868 | D:1      | 868 ||| READING 2 scrolls labelled NENNAL JALIURO.
   869 | D:1      | 869 ||| READING 4 scrolls labelled YZEOCY QEADOFO.
   870 | D:1      | 870 ||| READING scroll labelled JYUNLO PEUNLEH.
   871 | D:1      | 871 ||| DRINKING 2 bubbling cyan potions.
   872 | D:1      | 872 ||| DRINKING 2 fuming clear potions.
   873 | D:1      | 873 ||| DROPPING scroll of poison.
   874 | D:1      | 874 ||| DROPPING 3 scrolls of revelation.
   902 | D:2      | 902 ||| FLEEEEING.
   904 | D:2      | 904 ||| STAIRDANCE
   923 | D:2      | 923 ||| STAIRDANCE
   928 | D:1      | Reached XP level 3. HP: 19/21 MP: 4/4
  1715 | D:2      | Reached XP level 4. HP: 25/26 MP: 5/5
  1721 | D:2      | 1721 ||| UPGRADING to +0 pair of gloves.
  1726 | D:2      | 1726 ||| READING scroll labelled OCOMUO ZE KOMU.
  1727 | D:2      | 1727 ||| DRINKING 2 coppery potions.
  1728 | D:2      | 1728 ||| DROPPING potion of attraction.
  1852 | D:3      | Reached skill level 1 in Armour
  1870 | D:3      | Reached skill level 4 in Ranged Weapons
  1882 | D:3      | HP: 6/26 [gnoll/+0 flail (1)]
  1883 | D:3      | 1883 ||| READING scroll of teleportation.
  1883 | D:3      | HP: 2/26 [gnoll/+0 spear (4)]
  1884 | D:3      | Slain by a gnoll

Levels and vault maps discovered:
D:1:      kb_arrival_jail, layout_basic, nicolae_ecumenical_lake_church,
          minmay_misc_feat_more_columns, columned_hall_lemuel,
          kennysheep_flooded_box
D:2:      layout_loops_ring, minmay_rat_gold_closets
D:3:      layout_basic, uniq_grinder

Skill      XL: |  1  2  3  4 |
---------------+-------------+-----
Ranged Weapons | 3 4 |  4.0
Fighting       | 2 |  2.0
Armour         | 1 |  1.1
Dodging        | |  1.5
Spellcasting   | |  1.0
Hexes          | |  2.6

Action                     |  1- 3 |  4- 6 || total
---------------------------+-------+-------++-------
   Fire: Sling             |    98 |    34 ||   132
    Use: Scroll            |     4 |     2 ||     6
         Potion            |     2 |     1 ||     3
 Armour: Ring mail         |    16 |    10 ||    26
  Dodge: Dodged            |    32 |    10 ||    42

Table legend:
 A = Non-vault XP
 B = Vault XP
 C = Vault XP percentage of total XP
 D = Non-vault monster count
 E = Vault monster count
 F = Vault count percentage of total count
                 A         B        C        D         E       F
            +---------+---------+-------+---------+---------+-------
      Total |     114 |       8 |   6.6 |      37 |       8 |  17.8
            +---------+---------+-------+---------+---------+-------
        D:1 |      26 |       0 |   0.0 |      17 |       0 |   0.0
        D:2 |      49 |       8 |  14.0 |      13 |       8 |  38.1
        D:3 |      39 |       0 |   0.0 |       7 |       0 |   0.0
            +---------+---------+-------+---------+---------+-------
